 Dungeon Crawl Stone Soup version 0.28.0-47-ge53b351184 (webtiles) character file.

Game seed: 12260518373869165183

460 safid the Cleaver (level 7, -9/59 HPs)
             Began as a Hill Orc Fighter on Apr 27, 2022.
             Was an Initiate of Beogh.
             Mangled by an ogre
             ... wielding a +0 giant spiked club
              (21 damage)
             ... on level 4 of the Dungeon.
             The game lasted 00:03:29 (3916 turns).

safid the Cleaver (Hill Orc Fighter)                Turns: 3916, Time: 00:03:29

Health: -9/59      AC: 10    Str: 21    XL:     7   Next: 7%
Magic:  7/7        EV:  9    Int:  8    God:    Beogh [......]
Gold:   148        SH:  5    Dex: 16    Spells: 6/6 levels left

rFire   . . .      SeeInvis .   a - +0 war axe
rCold   . . .      Faith    .   c - +0 buckler
rNeg    . . .      Spirit   .   b - +0 scale mail
rPois   .          Reflect  .   h - +2 helmet
rElec   .          Harm     .   (no cloak)
rCorr   .          Rampage  .   (no gloves)
Will    .....                   (no boots)
Stlth   ..........              (no amulet)
HPRegen 0.19/turn               f - +6 ring of dexterity
MPRegen 0.10/turn               (no ring)

@: no status effects
A: no striking features
a: Renounce Religion


You were on level 4 of the Dungeon.
You worshipped Beogh.
Beogh was noncommittal.
You visited 1 branch of the dungeon, and saw 4 of its levels.

You collected 148 gold pieces.

Inventory:

Hand Weapons
 a - a +0 war axe (weapon)
Missiles
 l - 2 javelins (quivered)
Armour
 b - a +0 scale mail (worn)
 c - a +0 buckler (worn)
 h - a +2 helmet (worn)
Jewellery
 f - a +6 ring of dexterity (left hand)
Scrolls
 g - a scroll of fog {unknown}
 i - a scroll of amnesia {unknown}
 k - a scroll of identify {unknown}
 m - 3 scrolls of immolation {unknown}
 n - a scroll of enchant armour {unknown}
 q - 3 scrolls of teleportation {unknown}
 r - a scroll of enchant weapon {unknown}
Potions
 d - a potion of might
 e - 4 potions of lignification {unknown}
 j - 2 potions of curing {unknown}
 o - a potion of brilliance {unknown}
 p - a potion of heal wounds {unknown}


   Skills:
 - Level 4.0 Fighting
 + Level 8.8 Axes
 - Level 4.0 Armour
 - Level 4.0 Shields


You had 6 spell levels left.
You didn't know any spells.
Your spell library was empty.

Dungeon Overview and Level Annotations

Branches:
Dungeon (4/15)
 Temple: D:4-7

Altars:


Message History

You barely miss the ogre.
The ogre hits you with a +0 giant spiked club!
You hit the ogre but do no damage. The ogre completely misses you.
You hit the ogre.
The ogre is lightly wounded.
You block the ogre's attack.
You hit the ogre.
The ogre is moderately wounded.
The ogre closely misses you.
You barely miss the ogre.
The ogre is moderately wounded.
The ogre closely misses you.
You hit the ogre.
The ogre is moderately wounded.
The ogre barely misses you.
You slash the ogre!
The ogre is severely wounded.
You hit the ogre.
The ogre is severely wounded.
The ogre hits you with a +0 giant spiked club!
You are too injured to fight recklessly!
You are too injured to fight recklessly!
You are too injured to fight recklessly!
You are too injured to fight recklessly!
You are too injured to fight recklessly!
You are too injured to fight recklessly!
You are too injured to fight recklessly!
You are too injured to fight recklessly!
You are too injured to fight recklessly!
You are too injured to fight recklessly!
You are too injured to fight recklessly!
You are too injured to fight recklessly!
You barely miss the ogre.
The ogre is severely wounded.
The ogre hits you with a +0 giant spiked club!
* * * LOW HITPOINT WARNING * * *
You hit the ogre.
The ogre is severely wounded.
The ogre hits you with a +0 giant spiked club!!
You die...

#.....#
#.#
#####.##.#
#.#
......#
#.# #####
# #.###
#...#
###.# #.#
#######.#
#...O@..#
#.#######


You could see an ogre.

Vanquished Creatures
  A centaur (D:3)
  2 water moccasin skeletons
  An iguana (D:4)
  Ijyb (D:3)
  2 orc wizards (D:3)
  7 gnolls (D:3)
  3 adders
  A white imp (D:3)
  An adder skeleton (D:2)
  3 worms
  A dart slug (D:4)
  5 orcs (D:3)
  3 endoplasms
  5 goblins
  6 hobgoblins
  6 jackals
  2 quokkas (D:1)
  6 ball pythons
  8 bats
  A frilled lizard (D:2)
  8 kobolds
  4 rats (D:1)
77 creatures vanquished.

Vanquished Creatures (others)
  4 plants (D:2)
4 creatures vanquished.

Grand Total: 81 creatures vanquished

Notes
Turn   | Place    | Note
-------+----------+-------------------------------------------
     0 | D:1      | safid the Hill Orc Fighter began the quest for the Orb.
     0 | D:1      | Reached XP level 1. HP: 19/19 MP: 1/1
   116 | D:1      | Reached XP level 2. HP: 27/27 MP: 2/2
   145 | D:1      | Reached skill level 3 in Axes
   867 | D:1      | Reached XP level 3. HP: 33/33 MP: 3/3
  1302 | D:2      | Reached XP level 4. HP: 40/40 MP: 4/4
  1751 | D:3      | Noticed Ijyb
  1780 | D:3      | Killed Ijyb
  1781 | D:3      | Reached skill level 4 in Axes
  2091 | D:3      | Reached skill level 5 in Axes
  2096 | D:3      | Reached XP level 5. HP: 40/46 MP: 5/5
  2141 | D:3      | Reached skill level 6 in Axes
  2267 | D:3      | Noticed a centaur
  2278 | D:3      | Killed a centaur
  2279 | D:3      | Reached skill level 7 in Axes
  2279 | D:3      | Reached XP level 6. HP: 13/52 MP: 6/6
  3018 | D:3      | Reached skill level 8 in Axes
  3214 | D:3      | Became a worshipper of Beogh the Brigand
  3617 | D:4      | Reached XP level 7. HP: 39/59 MP: 7/7
  3916 | D:4      | Mangled by an ogre

Illustrated notes

Levels and vault maps discovered:
D:1:      minmay_arrival_semitransparent, layout_basic,
          shapermc_ecumenical_altar_petra
D:2:      layout_loops_cross, chequers_big_river
D:3:      layout_basic, uniq_ijyb
D:4:      layout_loops_ring

Skill      XL: |  1  2  3  4  5  6 |
---------------+-------------------+-----
Axes           | 3 5 7 8 |  8.8
Fighting       | 4 |  4.0
Armour         | 4 |  4.0
Shields        | 4 |  4.0

Action                   |  1- 3 |  4- 6 |  7- 9 || total
-------------------------+-------+-------+-------++-------
Melee: War axe           |    98 |   130 |    17 ||   245
Invok: Convert to Beogh  |       |     1 |       ||     1
Armor: Scale mail        |    44 |    57 |       ||   101
Dodge: Dodged            |    53 |    57 |     7 ||   117
Block: Buckler           |    26 |    36 |     2 ||    64
